 Dungeon Crawl Stone Soup version 0.27.0-1-g7a089689b8 (webtiles) character file.

Game seed: 16619080253608293366

214 sasquatch the Slasher (level 5, -2/48 HPs)
             Began as a Minotaur Fighter on July 31, 2021.
             Slain by a water moccasin (3 damage)
             ... on level 4 of the Dungeon.
             The game lasted 00:04:43 (2456 turns).

sasquatch the Slasher (Minotaur Fighter)            Turns: 2456, Time: 00:04:44

Health: -2/48      AC:  6    Str: 25 (27) XL:     5   Next: 60%
Magic:  4/4        EV:  7    Int:  2 (5)  God:
Gold:   93         SH:  9    Dex:  7 (10) Spells: 4/4 levels left

rFire    . . .     SeeInvis .   a - +0 long sword
rCold    . . .     Faith    .   c - +0 kite shield
rNeg     . . .     Spirit   .   b - +0 scale mail
rPois    .         Reflect  .   (helmet restricted)
rElec    .         Harm     .   (no cloak)
rCorr    .         Rampage  .   (no gloves)
Will     .....                  (no boots)
Stlth    ..........             (no amulet)
HPRegen  0.16/turn              e - +6 ring of strength
MPRegen  0.09/turn              (no ring)

@: brilliant, lethally poisoned (-2 -> -21), attractive
A: horns 2, retaliatory headbutt
a: no special abilities


You were on level 4 of the Dungeon.
You visited 1 branch of the dungeon, and saw 4 of its levels.

You collected 93 gold pieces.

Inventory:

Hand Weapons
 a - a +0 long sword (weapon)
Armour
 b - a +0 scale mail (worn)
 c - a +0 kite shield (worn)
Jewellery
 e - a +6 ring of strength (left hand)
Wands
 l - a wand of polymorph (10)
Scrolls
 h - a scroll of immolation {unknown}
 i - a scroll of enchant armour {unknown}
 k - 2 scrolls of silence {unknown}
Potions
 d - 2 potions of might
 j - a potion of degeneration


   Skills:
 + Level 5.2 Fighting
 * Level 6.0 Long Blades
 - Level 3.6 Armour
 - Level 3.6 Shields


You had 4 spell levels left.
You didn't know any spells.
Your spell library contained the following spells:

 Spells                   Type           Power      Damage    Failure   Level
 Animate Skeleton         Necr           0%         N/A       100%        1
 Apportation              Tloc           0%         N/A       100%        1
 Corona                   Hex            0%         N/A       100%        1
 Sandblast                Erth           0%         2d4       100%        1
 Summon Small Mammal      Summ           0%         N/A       100%        1
 Blink                    Tloc           N/A        N/A       100%        2
 Passwall                 Tmut/Erth      0%         N/A       100%        2
 Sublimation of Blood     Necr           0%         N/A       100%        2
 Wereblood                Tmut           0%         N/A       100%        2
 Call Canine Familiar     Summ           0%         N/A       100%        3
 Lesser Beckoning         Tloc           0%         N/A       100%        3
 Portal Projectile        Hex/Tloc       0%         N/A       100%        3
 Leda's Liquefaction      Hex/Erth       0%         N/A       100%        4
 Lee's Rapid Deconstruct  Erth           0%         3d5*      100%        5
 Manifold Assault         Tloc           0%         N/A       100%        5
 Summon Hydra             Summ           0%         N/A       100%        7


Dungeon Overview and Level Annotations

Branches:
Dungeon (4/15)
 Temple: D:4-7

Altars:


Innate Abilities, Weirdness & Mutations

You have a pair of horns on your head.
You reflexively headbutt those who attack you in melee.


Message History

The water moccasin is almost dead.
You feel sick. The water moccasin barely misses you.
The water moccasin bites you but does no damage.
You barely miss the water moccasin.
The water moccasin is almost dead.
You feel sick. The water moccasin bites you!
You are more poisoned.
The water moccasin poisons you!
You closely miss the water moccasin.
The water moccasin is almost dead.
You feel very sick. The water moccasin bites you!
* * * LOW HITPOINT WARNING * * *
You are lethally poisoned!
The water moccasin poisons you! The water moccasin bites you.
* * * LOW HITPOINT WARNING * * *
It was a potion of degeneration.
There was something very wrong with that liquid.
You feel weakened.
You feel dopey.
You feel clumsy.
* * * LOW HITPOINT WARNING * * *
You feel very sick. You block the water moccasin's attack.
The water moccasin bites you.
* * * LOW HITPOINT WARNING * * *
It was a potion of heal wounds.
You feel much better.
You feel very sick. The water moccasin bites you!
* * * LOW HITPOINT WARNING * * *
You are more poisoned.
The water moccasin poisons you!
It was a potion of attraction.
You feel attractive to monsters.
* * * LOW HITPOINT WARNING * * *
You feel extremely sick. You block the water moccasin's attack.
It was a potion of brilliance.
You feel clever all of a sudden.
* * * LOW HITPOINT WARNING * * *
You feel very sick. The water moccasin barely misses you.
The water moccasin bites you.
You die...

#######
####.....#
.........#
#....<#
.######.....#
...........#
....#.....#
####.#.....#.#.#
#.......@S......
##[#.#.......#..
#.#.......... #
#..#.......
#..(.......
#..........
#.#........
#.#.######.


You could see a water moccasin.

Vanquished Creatures
  A phantom (D:4)
  Jessica (D:3)
  2 adders
  2 worms
  4 dart slugs
  5 orcs
  6 bats
  3 endoplasms
  3 giant cockroaches
  6 goblins
  8 hobgoblins
  6 jackals
  8 kobolds
  5 quokkas
  4 ball pythons
  A frilled lizard (D:2)
  2 rats
67 creatures vanquished.

Notes
Turn   | Place    | Note
-------+----------+-------------------------------------------
     0 | D:1      | sasquatch the Minotaur Fighter began the quest for the Orb.
     0 | D:1      | Reached XP level 1. HP: 19/19 MP: 0/0
    17 | D:1      | Reached skill level 3 in Long Blades
    22 | D:1      | Reached XP level 2. HP: 26/27 MP: 1/1
   436 | D:1      | Reached XP level 3. HP: 33/33 MP: 2/2
   554 | D:1      | Found a faded altar of an unknown god.
   676 | D:2      | Reached skill level 4 in Long Blades
  1412 | D:3      | Reached XP level 4. HP: 41/41 MP: 3/3
  1430 | D:3      | Noticed Jessica
  1442 | D:3      | Killed Jessica
  1443 | D:3      | Reached skill level 5 in Long Blades
  2370 | D:4      | Noticed a phantom
  2378 | D:4      | Killed a phantom
  2379 | D:4      | Reached skill level 5 in Fighting
  2379 | D:4      | Reached skill level 6 in Long Blades
  2379 | D:4      | Reached XP level 5. HP: 37/48 MP: 4/4
  2444 | D:4      | Noticed a water moccasin
  2453 | D:4      | HP: 1/48 [water moccasin (4)]
  2456 | D:4      | Slain by a water moccasin

Illustrated notes

Levels and vault maps discovered:
D:1:      roderic_crossed_star, layout_loops_cross,
          ebering_ecumenical_altar_hall
D:2:      layout_basic
D:3:      minmay_general_purpose_star, layout_loops_cross, uniq_jessica
D:4:      due_chaos_kobolds, layout_basic, mainiacjoe_overflow_big_doors

Skill      XL: |  1  2  3  4 |
---------------+-------------+-----
Long Blades    | 3 4 6 |  6.0
Fighting       | 4 5 |  5.2
Armour         | |  3.6
Shields        | |  3.6

Action                   |  1- 3 |  4- 6 || total
-------------------------+-------+-------++-------
Melee: Long sword        |    95 |    55 ||   150
       Headbutt          |     9 |     7 ||    16
  Use: Potion            |       |     4 ||     4
Armor: Scale mail        |    42 |    17 ||    59
Dodge: Dodged            |    38 |    19 ||    57
Block: Kite shield       |    51 |    25 ||    76
       Rpst.: Long sword |    10 |     4 ||    14
